 Dungeon Crawl Stone Soup version 0.27.0-1-g7a089689b8 (webtiles) character file.

Game seed: 16720346539231826102

470 mandarbmax the Spear-Bearer (level 7, -24/50 HPs)
             Began as a Merfolk Gladiator on Aug 1, 2021.
             Annihilated by a two-headed ogre (31 damage)
             ... on level 4 of the Dungeon.
             The game lasted 00:05:58 (4208 turns).

mandarbmax the Spear-Bearer (Merfolk Gladiator)     Turns: 4208, Time: 00:05:59

Health: -24/50     AC:  4    Str: 15    XL:     7   Next: 9%
Magic:  7/7        EV: 29    Int:  7    God:
Gold:   138        SH:  0    Dex: 17    Spells: 6/6 levels left

rFire    . . .     SeeInvis .   a - +0 trident
rCold    . . .     Faith    .   (no shield)
rNeg     . . .     Spirit   .   b - +0 leather armour
rPois    .         Reflect  .   c - +0 helmet
rElec    .         Harm     .   (no cloak)
rCorr    .         Rampage  .   (no gloves)
Will     .....                  (no boots)
Stlth    +.........             r - amulet of the acrobat
HPRegen  0.16/turn              (no ring)
MPRegen  0.10/turn              (no ring)

@: acrobatic
A: (nimble swimmer 2), mertail
a: no special abilities


You were on level 4 of the Dungeon.
You visited 2 branches of the dungeon, and saw 5 of its levels.

You collected 138 gold pieces.

Inventory:

Hand Weapons
 a - a +0 trident (weapon)
Missiles
 d - 3 throwing nets (quivered)
 q - 6 boomerangs of dispersal
Armour
 b - a +0 leather armour (worn)
 c - a +0 helmet (worn)
 o - a +0 chain mail
Jewellery
 r - an amulet of the acrobat (around neck)
Scrolls
 e - a scroll of immolation {unknown}
 j - 2 scrolls of amnesia {unknown}
 k - a scroll of identify
 l - 2 scrolls of noise {unknown}
 m - a scroll of enchant armour {unknown}
 n - a scroll of teleportation {unknown}
 p - a scroll of vulnerability {unknown}
Potions
 f - a potion of haste
 g - a potion of ambrosia {unknown}
 h - a potion of mutation
 i - 3 potions of curing
 s - a potion of degeneration {unknown}
 t - a potion of attraction {unknown}


   Skills:
 - Level 2.1 Fighting
 * Level 10.1 Polearms
 - Level 2.0 Throwing
 + Level 5.8 Dodging


You had 6 spell levels left.
You didn't know any spells.
Your spell library contained the following spells:

 Spells                   Type           Power      Damage    Failure   Level
 Ensorcelled Hibernation  Hex/Ice        0%         N/A       65%         2
 Spider Form              Tmut/Pois      0%         N/A       86%         3
 Shadow Creatures         Summ           N/A        N/A       100%        6


Dungeon Overview and Level Annotations

Branches:
Dungeon (4/15)             Temple (1/1) D:4

Altars:
Elyvilon
Gozag
Kikubaaqudgha
Nemelex Xobeh
Okawaru
Qazlal
Ru
Trog
Vehumet
Xom
Yredelemnul
Zin


Innate Abilities, Weirdness & Mutations

((You are quick and stealthy near water. (Stealth+, EV+, Speed+++)))
Your lower body shifts to a powerful aquatic tail in water.


Message History

There is a staircase to the Ecumenical Temple here.
Things that are here:
a +0 dagger; a goblin corpse
Found a basalt altar of Yredelemnul.
A hobgoblin comes into view.
The two-headed ogre shouts in stereo!
The endoplasm quivers.
The hobgoblin shouts!
You hit the hobgoblin.
The hobgoblin is almost dead.
The hobgoblin misses you.
You completely miss the hobgoblin.
The hobgoblin is almost dead.
You completely miss the hobgoblin.
The hobgoblin is almost dead.
The hobgoblin barely misses you.
You closely miss the hobgoblin.
The hobgoblin is almost dead.
The hobgoblin closely misses you.
You hit the hobgoblin.
You kill the hobgoblin!
You puncture the endoplasm!
You kill the endoplasm!
You barely miss the two-headed ogre.
The two-headed ogre hits you with a +0 giant club!
The two-headed ogre misses you.
You hit the two-headed ogre.
The two-headed ogre is lightly wounded.
You puncture the two-headed ogre!
The two-headed ogre is moderately wounded.
The two-headed ogre hits you with a +0 giant club! x2
* * * LOW HITPOINT WARNING * * *
You are too injured to fight recklessly!
You are too injured to fight recklessly!
You are too injured to fight recklessly!
You are too injured to fight recklessly!
Unknown command.
The two-headed ogre hits you with a +0 giant club!!
Ouch! That really hurt!
You die...

#K.#.##.#############..##.##.#
#..###.......# #..##.##.#
#J##...#####'#########.##.##.#
##...K.............#.......##.#
...###(........P.P.####.##.##.#
..'J.O<........._...# #.##.##.#
..####.........P.P..###.##.##.#
..# #................#......|#
### #..........@####.#..#.##.#
#.........O.# #.#..#.##.#
#...........# #.#....##.###
#...........# #.#.#........
################.#.#.<......
#.........##.##.
#.##.###..##.##.
#.##............
#######.........#####.


You could see a two-headed ogre.

Vanquished Creatures
  A phantom (D:4)
  A scorpion (D:4)
  A hound (D:4)
  An orc priest (D:4)
  A centaur skeleton (D:4)
  Terence (D:2)
  An orc wizard (D:4)
  A hound skeleton (D:4)
  4 gnolls
  4 adders
  A shadow imp (D:4)
  A worm (D:3)
  4 dart slugs
  An orc (D:4)
  8 endoplasms
  A giant cockroach (D:3)
  12 goblins
  7 hobgoblins
  21 jackals
  4 kobolds
  2 quokkas
  8 ball pythons
  5 bats
  2 frilled lizards (D:1)
  7 rats
100 creatures vanquished.

Notes
Turn   | Place    | Note
-------+----------+-------------------------------------------
     0 | D:1      | mandarbmax the Merfolk Gladiator began the quest for the
                  | Orb.
     0 | D:1      | Reached XP level 1. HP: 16/16 MP: 1/1
    87 | D:1      | Reached skill level 5 in Polearms
   100 | D:1      | Reached XP level 2. HP: 12/22 MP: 2/2
   578 | D:1      | Reached skill level 6 in Polearms
   578 | D:1      | Reached XP level 3. HP: 27/27 MP: 3/3
   710 | D:1      | Found a faded altar of an unknown god.
  1069 | D:2      | Noticed Terence
  1088 | D:2      | Killed Terence
  1089 | D:2      | Reached skill level 7 in Polearms
  1089 | D:2      | Reached XP level 4. HP: 24/33 MP: 4/4
  1179 | D:2      | Found a sacrificial altar of Ru.
  1823 | D:2      | Reached XP level 5. HP: 38/38 MP: 5/5
  1974 | D:3      | Reached skill level 8 in Polearms
  2432 | D:3      | Found an opulent altar of Gozag.
  3161 | D:4      | Noticed a phantom
  3246 | D:4      | Killed a phantom
  3247 | D:4      | Reached skill level 9 in Polearms
  3247 | D:4      | Reached skill level 5 in Dodging
  3247 | D:4      | Reached XP level 6. HP: 11/44 MP: 6/6
  3264 | D:4      | HP: 1/66 [something (4)]
  3738 | D:4      | Found a sacrificial altar of Ru.
  3864 | D:4      | Reached skill level 10 in Polearms
  3864 | D:4      | Reached XP level 7. HP: 37/50 MP: 7/7
  4007 | D:4      | Noticed a two-headed ogre
  4072 | D:4      | Found a staircase to the Ecumenical Temple.
  4085 | Temple   | Entered the Ecumenical Temple
  4190 | D:4      | Found a basalt altar of Yredelemnul.
  4208 | D:4      | Annihilated by a two-headed ogre

Illustrated notes

Levels and vault maps discovered:
D:1:      grunt_arrival_lava_bath, layout_loops_ring,
          hellmonk_ecumenical_altar_prayer_group, minmay_stone_trees_small
D:2:      layout_loops_ring, basic_altar, uniq_terence
D:3:      layout_loops_ring, grunt_gozag_breadcrumbs
D:4:      layout_basic, tso_altar, nicolae_ru_the_path_less_chosen,
          yredelemnul_altar_generic, minmay_temple_entry_antechambers,
          minmay_divided_ellipse
Temple:   jpeg_temple_island

Skill      XL: |  1  2  3  4  5  6 |
---------------+-------------------+-----
Polearms       | 5 6 7 9 10 | 10.1
Dodging        | 5 |  5.8
Fighting       | |  2.1
Throwing       | |  2.0

Action                   |  1- 3 |  4- 6 |  7- 9 || total
-------------------------+-------+-------+-------++-------
Melee: Trident           |   104 |   194 |    14 ||   312
Throw: Throwing net      |     1 |       |       ||     1
  Use: Scroll            |       |     3 |       ||     3
       Potion            |       |     4 |       ||     4
 Stab: Sleeping          |     1 |     1 |       ||     2
Armor: Leather armour    |    17 |    36 |     1 ||    54
Dodge: Dodged            |    56 |   100 |     6 ||   162
